 Dungeon Crawl Stone Soup version 0.31-a0-358-gac0dbeb3ab (webtiles) character file.

Game seed: 11887052162164375600

88818 AdnanSaban the Bludgeoner (level 15, -6/97 HPs)
             Began as a Gargoyle Fighter on July 25, 2023.
             Was the Champion of Okawaru.
             Mangled by a manticore (10 damage)
             ... on level 14 of the Dungeon.
             The game lasted 00:50:05 (25772 turns).

AdnanSaban the Bludgeoner (Gargoyle Fighter)       Turns: 25772, Time: 00:50:06

Health: -6/97      AC: 34    Str: 32    XL:     15   Next: 95%
Magic:  13/19      EV: 14    Int:  4    God:    Okawaru [******]
Gold:   2387       SH: 20    Dex:  9    Spells: 14/14 levels left

rFire   + . .        I - +2 eveningstar (venom)
rCold   + + +        v - +2 kite shield {AC+3}
rNeg    + . .        z - +6 ring mail of Sunlight {-Cast Will++}
rPois   ∞            o - +0 helmet
rElec   +            h - +0 cloak
rCorr   +            R - +0 pair of gloves
SInv    +            P - -1 pair of boots of Awkemaps {rC++ rCorr Str+4 Int-4 SInv}
Will    +++..        J - amulet of reflection
Stlth   +++          V - ring of protection from fire
HPRegen 0.36/turn    Q - ring of protection from cold
MPRegen 0.16/turn

%: no spellcasting, reflection
@: heroic, finesse-ful, flying
A: sickness immunity, AC +11, big wings, negative energy resistance 1,
electricity resistance, torment resistance 1, petrification resistance, low MP
1, screaming 1
a: Renounce Religion, Heroism, Finesse, Duel


You were on level 14 of the Dungeon.
You worshipped Okawaru.
Okawaru was exalted by your worship.
You visited 4 branches of the dungeon, and saw 22 of its levels.

You collected 2567 gold pieces.
You spent 180 gold pieces at shops.

Inventory:

Hand Weapons
 I - a +2 eveningstar of venom (weapon)
 Z - the +1 mace of Podan {antimagic, rC+ Str+4}
   (Okawaru gifted it to you on level 5 of the Lair of Beasts)

   Str:       It affects your strength (+4).
   rC:        It protects you from cold.
Missiles
 j - 10 javelins
 E - 4 throwing nets
 L - 8 poisoned darts (quivered)
 W - 5 datura-tipped darts
 Y - 3 curare-tipped darts
Armour
 h - a +0 cloak (worn)
 o - a +0 helmet (worn)
 v - a +2 kite shield of protection (worn)
 z - the +6 ring mail of Sunlight (worn) {-Cast Will++}
   (You found it on level 5 of the Dungeon)

   -Cast:     It prevents spellcasting.
   Will:      It greatly increases your willpower.
 P - the -1 pair of boots of Awkemaps (worn) {rC++ rCorr Str+4 Int-4 SInv}
   (Okawaru gifted it to you on level 11 of the Dungeon)

   Str:       It affects your strength (+4).
   Int:       It affects your intelligence (-4).
   rC:        It greatly protects you from cold.
   SInv:      It lets you see invisible.
   rCorr:     It protects you from acid and corrosion.
 R - a +0 pair of gloves (worn)
Jewellery
 J - an amulet of reflection (around neck)
 Q - a ring of protection from cold (right hand)
 V - a ring of protection from fire (left hand)
Wands
 n - a wand of polymorph (21)
 s - a wand of mindburst (14)
 x - a wand of paralysis (18)
 M - a wand of flame (43)
Scrolls
 a - a scroll of noise {unknown}
 b - 11 scrolls of teleportation {unknown}
 e - 4 scrolls of blinking {unknown}
 g - 7 scrolls of amnesia {unknown}
 i - 9 scrolls of identify {unknown}
 k - 2 scrolls of enchant weapon {unknown}
 p - 4 scrolls of immolation
 q - a scroll of silence {unknown}
 r - 2 scrolls of brand weapon {unknown}
 y - 2 scrolls of fog {unknown}
 C - 5 scrolls of fear {unknown}
 G - 3 scrolls of poison {unknown}
 H - 3 scrolls of revelation {unknown}
 K - 3 scrolls of vulnerability {unknown}
 X - 2 scrolls of enchant armour {unknown}
Potions
 d - 7 potions of might
 f - 2 potions of attraction {unknown}
 l - 11 potions of ambrosia
 t - 3 potions of lignification {unknown}
 w - a potion of resistance {unknown}
 B - a potion of berserk rage {unknown}
 D - 2 potions of magic {unknown}
 F - 4 potions of invisibility {unknown}
 N - 2 potions of haste {unknown}
 O - 3 potions of curing {unknown}
 S - a potion of cancellation {unknown}
 U - 2 potions of degeneration {unknown}


   Skills:
 + Level 12.9(17.9) Fighting
 + Level 16.4(21.4) Maces & Flails
 + Level 5.1(10.1) Throwing
 + Level 11.0(16.0) Armour
 + Level 7.8(12.8) Dodging
 - Level 3.6(8.6) Stealth
 + Level 12.8(17.8) Shields
 + Level 0.7(5.7) Unarmed Combat
 * Level 8.4 Invocations


You had 14 spell levels left.
You didn't know any spells.
Your spell library contained the following spells:

 Spells                   Type           Power      Damage    Failure   Level
 Apportation              Tloc           0%         N/A       65%         1
 Foxfire                  Conj/Fire      0%         2x1d4     65%         1
 Magic Dart               Conj           0%         1d3       65%         1
 Shock                    Conj/Air       0%         1d3       65%         1
 Ensorcelled Hibernation  Hex/Ice        0%         N/A       80%         2
 Lesser Beckoning         Tloc           0%         N/A       80%         2
 Wereblood                Tmut           0%         N/A       80%         2
 Dazzling Flash           Conj/Hex       0%         N/A       95%         3
 Gell's Gravitas          Tloc           0%         N/A       95%         3
 Hailstorm                Conj/Ice       0%         3d3       95%         3
 Ignite Poison            Fire/Tmut/Pois 0%         N/A       95%         3
 Mephitic Cloud           Conj/Pois/Air  0%         N/A       95%         3
 Swiftness                Air            0%         N/A       95%         3
 Teleport Other           Tloc           0%         N/A       95%         3
 Volatile Blastmotes      Fire/Tloc      0%         2d10      95%         3
 Airstrike                Air            0%         2d(0-16)  100%        4
 Anguish                  Hex/Necr       0%         N/A       100%        4
 Fulminant Prism          Conj/Hex       0%         3d5       100%        4
 Iskenderun's Mystic Bla  Conj/Tloc      0%         2d3       100%        4
 Passage of Golubria      Tloc           0%         N/A       100%        4
 Alistair's Intoxication  Tmut/Pois      0%         N/A       100%        5
 Borgnjor's Vile Clutch   Necr/Erth      0%         N/A       100%        5
 Freezing Cloud           Conj/Ice/Air   0%         6-21      100%        5
 Irradiate                Conj/Tmut      0%         3d11      100%        5
 Yara's Violent Unravell  Hex/Tmut       0%         3d3       100%        5
 Dispersal                Tloc           0%         N/A       100%        6
 Eringya's Noxious Bog    Tmut/Pois      0%         4d6       100%        6
 Plasma Beam              Fire/Air       0%         2x1d10    100%        6
 Starburst                Conj/Fire      0%         6d3       100%        6
 Maxwell's Capacitive Co  Air            0%         ∞         100%        8
 Call Imp                 Summ           Unusable   N/A       N/A         2
 Cigotuvi's Dreadful Rot  Necr/Pois/Air  Unusable   N/A       N/A         2
 Tukima's Dance           Hex            Unusable   N/A       N/A         3
 Animate Dead             Necr           Unusable   N/A       N/A         4
 Summon Ice Beast         Ice/Summ       Unusable   N/A       N/A         4
 Summon Forest            Summ/Tloc      Unusable   N/A       N/A         5
 Death Channel            Necr           Unusable   N/A       N/A         6
 Simulacrum               Ice/Necr       Unusable   N/A       N/A         6
 Summon Hydra             Summ           Unusable   N/A       N/A         7

Dungeon Overview and Level Annotations

Branches:
Dungeon (14/15)            Temple (1/1) D:7            Lair (5/5) D:8
 Shoals (0/4) Lair:3        Snake (0/4) Lair:3        Slime (0/5) Lair:5
    Orc (2/2) D:11            Elf (0/3) Orc:2        Vaults (0/5) D:14

Altars:
Ashenzari
Cheibriados
Dithmenos
Elyvilon
Fedhas
Gozag
Hepliaklqana
Kikubaaqudgha
Makhleb
Nemelex Xobeh
Okawaru
Qazlal
Ru
Sif Muna
Trog
Uskayaw
Vehumet
Wu Jian
Xom
Yredelemnul
Zin
The Shining One
Jiyva

Shops:
D:4 (   D:7 [   Orc:1 (   Orc:2 !(:[[*

Annotations:
D:3 1 runed translucent door, Crazy Yiuf
D:10 1 runed translucent door, bezhaha's ghost, journeyman BaHs
Lair:1 1 runed translucent door, Tinttamiau's ghost, journeyman AtFi


Innate Abilities, Weirdness & Mutations

You are immune to sickness and miasma.
Your stone body is resilient. (AC +11)
You are immune to poison.
Your large and strong wings let you fly.
You resist negative energy. (rN+)
You are resistant to electric shocks. (rElec)
You are resistant to unholy torment.
You are immune to petrification.
Your magical capacity is low. (-10% MP)
You occasionally shout uncontrollably at your foes.


Message History

Okawaru accepts your kill. Okawaru grants you throwing weapons!
Something appears at your feet!
Your base Armour skill increases to level 11!
You barely miss the vault guard.
The skeletal warrior hits you with a +0 mace!
* * * LOW HITPOINT WARNING * * *
The white ugly thing pecks you but does no damage.
You block the vault guard's attack.
You hit the vault guard but do no damage.
The vault guard is poisoned.
You bludgeon the vault guard!!
The vault guard looks as sick as possible!
The vault guard is heavily wounded.
The skeletal warrior hits you but does no damage.
You block the white ugly thing's attack.
You puncture the vault guard!
The vault guard looks as sick as possible!
The vault guard is severely wounded.
You block the vault guard's attack.
You hit the vault guard.
The vault guard looks as sick as possible!
The vault guard is severely wounded.
The boulder beetle curls into a ball and begins rolling!
You bludgeon the vault guard!!
You kill the vault guard!
Okawaru accepts your kill.
You block the skeletal warrior's attack.
You block the white ugly thing's attack.
You barely miss the white ugly thing.
The white ugly thing is moderately wounded.
You closely miss the white ugly thing.
The white ugly thing is moderately wounded.
You bludgeon the manticore!!
The manticore is severely wounded.
The skeletal warrior hits you with a +0 mace.
* * * LOW HITPOINT WARNING * * *
You block the white ugly thing's attack.
The manticore bites you!
You die...

########### #.......#
..........# #.#####.#
........#.# #.#####.#
...##...#.#######.##.....
##...............##.#
##.#########.##.##.# ###
## ##.# #........ #.?. .#
##.z### ####.##.#
.#...#C##.Bu@)# #.##.#
.......#...H#)#
########.....
...∩...°B.....#
#......####..
.......#...p### #......#
#.# .#...#.##...#
#......# #.## #... .#
##...# #......# #. ### ##
##..# #....).# #.# #..#
#......# ##.# ..#
###..##### #.


You could see 2 boulder beetles, a white ugly thing (extremely poisoned), a
skeletal warrior, a manticore and a wizard (invisible).

Vanquished Creatures
  2 orc warlords
  Fannar (D:12)
  3 vault guards (D:14)
  2 hydras
  2 centaur warriors
  2 catoblepae
  2 death yaks
  A death knight (D:13)
  A boulder beetle (Lair:5)
  A tengu warrior (D:13)
  7 two-headed ogres
  6 orc high priests
  A skyshark (Lair:5)
  Lodul (D:11)
  5 orc knights
  3 deep elf zephyrmancers
  3 oklob plants
  8 ugly things
  6 deep elf pyromancers
  3 manticores
  7 orc sorcerers
  2 cyclopes
  A gargoyle (D:13)
  7 black mambas
  10 elephants
  12 cane toads
  A torpor snail (Lair:4)
  3 rime drakes
  Maggie (D:7)
  5 kobold demonologists
  4 freezing wraiths (D:13)
  12 komodo dragons
  A tengu conjurer (D:13)
  8 trolls
  A queen bee (Lair:2)
  7 polar bears
  Grinder (D:3)
  6 hornets
  5 blink frogs
  9 dream sheep
  10 spriggans (Lair:5)
  3 slime creatures
  3 wraiths
  A shadow (D:8)
  A yak (shapeshifter) (D:14)
  3 wyverns
  69 yaks
  3 vampire mosquitoes
  A steam dragon (Lair:2)
  3 basilisks
  3 nagas (Lair:3)
  3 wargs
  Duvessa (D:7)
  14 water moccasins
  7 black bears
  40 orc warriors
  3 ice beasts
  A black bear (shapeshifter) (D:14)
  21 ogres
  24 wolves
  6 boggarts
  A phantom (D:4)
  9 centaurs
  2 kobold brigands (D:12)
  Blork the orc (D:6)
  10 bullfrogs
  2 gnoll sergeants
  3 scorpions
  Dowan (D:7)
  46 killer bees
  2 howler monkeys
  9 electric eels
  7 hounds
  5 jellies
  14 orc priests
  A sleepcap (D:6)
  2 gnoll boudas
  8 iguanas
  Jessica (D:3)
  Ijyb (D:3)
  13 orc wizards
  15 gnolls
  8 adders
  2 shadow imps
  4 white imps
  An ufetubus (D:7)
  A dart slug (D:2)
  73 orcs
  9 bats
  10 endoplasms
  3 giant cockroaches
  11 goblins
  9 hobgoblins
  6 jackals
  14 kobolds
  5 quokkas
  9 ball pythons
  A frilled lizard (D:2)
  4 rats
706 creatures vanquished.

Vanquished Creatures (others)
  A deep elf pyromancer (Orc:1)
  2 orcs (Orc:1)
  2 spectral weapons (D:7)
5 creatures vanquished.

Grand Total: 711 creatures vanquished

Notes
Turn   | Place    | Note
-------+----------+-------------------------------------------
     0 | D:1      | AdnanSaban the Gargoyle Fighter began the quest for the
                  | Orb.
     0 | D:1      | Reached XP level 1. HP: 14/14 MP: 1/1
   366 | D:1      | Reached XP level 2. HP: 19/19 MP: 2/2
   701 | D:1      | Reached XP level 3. HP: 23/23 MP: 3/3
  1353 | D:2      | Identified the +0 ring mail "Qath" {rC- rN++ Will- Str+8}
  1590 | D:2      | Reached XP level 4. HP: 29/29 MP: 4/4
  1769 | D:3      | Noticed Jessica
  1840 | D:3      | Killed Jessica
  1841 | D:3      | Reached skill level 3 in Maces & Flails
  1946 | D:3      | Reached XP level 5. HP: 33/33 MP: 5/5
  1951 | D:3      | Noticed Ijyb
  1971 | D:3      | Killed Ijyb
  2130 | D:3      | Found a runed translucent door.
  2131 | D:3      | Noticed Crazy Yiuf
  2252 | D:3      | Found a glowing silver altar of Zin.
  2257 | D:3      | Reached skill level 1 in Dodging
  2391 | D:3      | Noticed Grinder
  2393 | D:3      | Paralysed by Grinder for 2 turns
  2402 | D:3      | Paralysed by Grinder for 2 turns
  2408 | D:3      | Killed Grinder
  2409 | D:3      | Reached skill level 4 in Maces & Flails
  2409 | D:3      | Reached XP level 6. HP: 15/38 MP: 6/6
  3067 | D:4      | Found Jaffivo's Weapon Boutique.
  3147 | D:4      | Reached XP level 7. HP: 36/44 MP: 7/7
  3673 | D:5      | Entered Level 5 of the Dungeon
  3688 | D:4      | Reached skill level 5 in Armour
  3864 | D:4      | Reached skill level 5 in Maces & Flails
  4067 | D:5      | Reached XP level 8. HP: 46/48 MP: 8/8
  4197 | D:5      | Reached skill level 5 in Shields
  4247 | D:5      | Reached skill level 5 in Fighting
  4247 | D:5      | Reached skill level 6 in Maces & Flails
  4361 | D:5      | Reached skill level 1 in Stealth
  4399 | D:5      | Identified the +6 ring mail of Sunlight {-Cast Will++}
  4480 | D:5      | Found a bloodstained altar of Trog.
  4698 | D:6      | Noticed Blork the orc
  4711 | D:6      | Killed Blork the orc
  4728 | D:6      | Found a sparkling altar of Nemelex Xobeh.
  4746 | D:6      | Reached skill level 7 in Maces & Flails
  4766 | D:6      | Reached XP level 9. HP: 51/55 MP: 9/9
  5003 | D:6      | Found an opulent altar of Gozag.
  5267 | D:7      | Noticed a hornet
  5279 | D:7      | Killed a hornet
  5350 | D:7      | Noticed Maggie
  5586 | D:7      | Reached skill level 8 in Maces & Flails
  6087 | D:7      | Noticed Dowan
  6224 | D:7      | Killed Dowan
  6304 | D:7      | Found a staircase to the Ecumenical Temple.
  6314 | Temple   | Entered the Ecumenical Temple
  6431 | Temple   | Became a worshipper of Warmaster Okawaru
  6543 | D:7      | Killed Maggie
  6603 | D:7      | Reached XP level 10. HP: 61/61 MP: 10/10
  6661 | D:7      | Noticed Duvessa
  6698 | D:7      | Killed Duvessa
  6698 | D:7      | Reached * piety under Okawaru
  7024 | D:7      | Found Relegreups's Armour Shop.
  7912 | D:8      | Noticed a two-headed ogre
  7921 | D:8      | Killed a two-headed ogre
  7921 | D:8      | Reached ** piety under Okawaru
  7922 | D:8      | Reached skill level 9 in Maces & Flails
  8010 | D:8      | Found a radiant altar of Vehumet.
  8122 | D:8      | Reached skill level 1 in Throwing
  8252 | D:8      | Found a staircase to the Lair.
  8786 | D:9      | Reached skill level 5 in Dodging
  8823 | D:9      | Reached *** piety under Okawaru
  8966 | D:8      | Reached XP level 11. HP: 51/67 MP: 11/11
  9106 | D:9      | Reached skill level 10 in Maces & Flails
  9125 | D:9      | Reached **** piety under Okawaru
  9533 | D:9      | Found a sacrificial altar of Ru.
  9809 | D:10     | Entered Level 10 of the Dungeon
  9849 | D:10     | Reached ***** piety under Okawaru
  9904 | D:9      | Reached skill level 11 in Maces & Flails
 10275 | Lair:1   | Entered Level 1 of the Lair of Beasts
 10326 | D:10     | Noticed a two-headed ogre
 10333 | D:10     | Killed a two-headed ogre
 10361 | D:10     | Noticed a soul eater
 10365 | D:10     | Noticed a sun demon
 10646 | D:10     | Found a runed translucent door.
 10648 | D:10     | Found the +2 cloak of the Thief {*Fog Slay-2 SInv Stlth+}
 10823 | D:10     | Noticed bezhaha's ghost (journeyman BaHs)
 10823 | D:10     | Noticed an orc knight
 11120 | D:10     | Found a broken altar of Ashenzari.
 11121 | D:10     | Found a hazy altar of Hepliaklqana.
 11321 | D:11     | Noticed a two-headed ogre
 11332 | D:11     | Killed a two-headed ogre
 11332 | D:11     | Received a gift from Okawaru
 11333 | D:11     | Reached skill level 12 in Maces & Flails
 11333 | D:11     | Reached XP level 12. HP: 73/75 MP: 12/12
 11361 | D:11     | Noticed a two-headed ogre
 11378 | D:10     | Killed a two-headed ogre
 11484 | D:11     | Noticed a centaur warrior
 11498 | D:11     | Noticed a two-headed ogre
 11773 | D:11     | Reached ****** piety under Okawaru
 11901 | D:11     | Killed a centaur warrior
 12116 | D:10     | Killed a two-headed ogre
 12255 | D:11     | Identified the -1 pair of boots of Awkemaps {rC++ rCorr
                  | Str+4 Int-4 SInv} (Okawaru gifted it to you on level 11 of
                  | the Dungeon)
 12255 | D:11     | Received a gift from Okawaru
 12322 | D:11     | Noticed Lodul
 12328 | D:11     | Killed Lodul
 12344 | D:11     | Reached skill level 13 in Maces & Flails
 12554 | D:11     | Found a staircase to the Orcish Mines.
 12662 | D:12     | Noticed Fannar
 12684 | D:12     | Found a transporter.
 12712 | D:12     | Noticed a sun demon
 12763 | D:12     | Noticed a soul eater
 12765 | D:12     | Noticed a sun demon
 13290 | D:12     | Killed Fannar
 13360 | D:12     | Reached XP level 13. HP: 72/81 MP: 13/13
 13703 | Lair:1   | Found a shadowy altar of Dithmenos.
 13745 | Lair:1   | Found a runed translucent door.
 13749 | Lair:1   | Noticed Tinttamiau's ghost (journeyman AtFi)
 13810 | Lair:1   | Reached skill level 10 in Fighting
 13838 | Lair:1   | Reached skill level 14 in Maces & Flails
 14604 | Lair:2   | Identified the +0 morningstar of Invincibility {protect,
                  | Str+2 Dex+3}
 14706 | Lair:1   | Identified the +1 chain mail of Heshit {rF+ rC++ rN+ Dex-3}
                  | (Okawaru gifted it to you on level 1 of the Lair of Beasts)
 14706 | Lair:1   | Received a gift from Okawaru
 15214 | Lair:2   | Reached skill level 10 in Shields
 15791 | Lair:2   | Found a bloodstained altar of Trog.
 15802 | Lair:2   | Identified the +1 plate armour of the Big Bang {Str+7 Dex+4
                  | Slay-3}
 16351 | Lair:3   | Found the +8 storm bow {elec, penet}
 16366 | Lair:3   | Found a staircase to the Snake Pit.
 16596 | Lair:3   | Found a staircase to the Shoals.
 17108 | Lair:4   | Reached skill level 15 in Maces & Flails
 17376 | Lair:4   | Gained mutation: Your large and strong wings let you fly.
                  | [Gargoyle growth]
 17376 | Lair:4   | Reached XP level 14. HP: 56/90 MP: 14/14
 17512 | Lair:4   | Received a gift from Okawaru
 17528 | Lair:4   | Reached skill level 1 in Invocations
 18318 | Lair:5   | Entered Level 5 of the Lair of Beasts
 18549 | Lair:5   | Reached skill level 10 in Armour
 18673 | Lair:5   | Identified the +1 mace of Podan {antimagic, rC+ Str+4}
                  | (Okawaru gifted it to you on level 5 of the Lair of Beasts)
 18673 | Lair:5   | Received a gift from Okawaru
 19216 | Lair:5   | Reached skill level 5 in Invocations
 19326 | Lair:5   | Found a staircase to the Slime Pits.
 19327 | Lair:5   | Found a viscous altar of Jiyva.
 19516 | Lair:5   | Received a gift from Okawaru
 20218 | Lair:5   | Received a gift from Okawaru
 20375 | Orc:1    | Entered Level 1 of the Orcish Mines
 20390 | Orc:1    | Found Sukuiza's Weapon Boutique.
 20454 | Orc:1    | Noticed an orc warlord
 20481 | D:11     | Killed an orc warlord
 20481 | D:11     | Received a gift from Okawaru
 20482 | D:11     | Reached XP level 15. HP: 8/96 MP: 19/19
 21033 | Orc:1    | Reached skill level 5 in Throwing
 21429 | Orc:2    | Entered Level 2 of the Orcish Mines
 21429 | Orc:2    | Noticed an orc warlord
 21429 | Orc:2    | Found Menap's Antique Armour Shop.
 21738 | Orc:1    | Killed an orc warlord
 22035 | Orc:1    | Reached skill level 16 in Maces & Flails
 22727 | Orc:2    | Gained mutation: You occasionally shout uncontrollably at
                  | your foes. [a neqoxec]
 22728 | Orc:2    | Gained mutation: Your magical capacity is low. (-10% MP) [a
                  | neqoxec]
 23098 | Orc:2    | Bought a shiny kite shield for 180 gold pieces
 23136 | Orc:2    | Found Zaacousk's General Store.
 23215 | Orc:2    | Found Xael Jih's Book Emporium.
 23257 | Orc:2    | Identified the +2 quarterstaff of the Hawk {flame, rPois}
                  | (Okawaru gifted it to you on level 2 of the Orcish Mines)
 23257 | Orc:2    | Received a gift from Okawaru
 23331 | Orc:2    | Found Oladgh's Antique Weapon Shoppe.
 23407 | Orc:2    | Found Arynne's Distillery.
 23440 | Orc:2    | Found Jazereag's Antique Armour Boutique.
 23499 | Orc:2    | Found a staircase to the Elven Halls.
 25716 | D:14     | Found a gate to the Vaults.
 25731 | D:13     | Noticed a shadow dragon
 25731 | D:13     | Noticed a fire giant
 25731 | D:13     | Noticed a sphinx
 25763 | D:14     | Received a gift from Okawaru
 25772 | D:14     | HP: 4/97 [skeletal warrior/+0 mace (5)]
 25772 | D:14     | Mangled by a manticore

Illustrated notes

Levels and vault maps discovered:
D:1:      roderic_crop_circles_arrival_small, layout_basic
D:2:      layout_rooms
D:3:      layout_basic, mainiacjoe_overflow_six_doors_small, minmay_pentangle,
          uniq_ijyb, uniq_crazy_yiuf_cottage, uniq_grinder, uniq_jessica
D:4:      layout_basic, serial_shops, nicolae_shop_real_fake_doors
D:5:      layout_basic, trog_book, chequers_serial_rivers_micro_a,
          hangedman_glass_teeth
D:6:      layout_rooms, grunt_gozag_breadcrumbs, mainiacjoe_overflow_brackets,
          uniq_blork_the_orc
D:7:      layout_basic, minmay_temple_entry_poolview, serial_demonic,
          serial_demonic_b, serial_demonic_f, serial_demonic_b,
          serial_demonic_e, serial_shops, nicolae_lakefront_shop,
          chequers_big_river, minivault_11, uniq_duvessa, uniq_maggie
D:8:      layout_loops_corners, fiery_altar_vehumet, erik_lair_island
D:9:      layout_loops_ring, nicolae_ru_sacrificial_ziggurat
D:10:     nicolae_BIG_FREAKIN_CUBE, layout_rooms,
          gammafunk_temple_overflow_statue, ebering_ghost_inner_flame
D:11:     layout_cave_pools, david_orc_2, minmay_checkerbox, uniq_lodul
D:12:     layout_basic, nicolae_diode_basic, uniq_fannar
D:13:     minmay_connected_triangles_in_corner, layout_basic, special_room
          [special_room_orc]
D:14:     layout_loops_cross, lightli_vaults_fourway_checkpoint,
          nicolae_benzene_ring
Temple:   minmay_temple_curvy_branch
Lair:1:   layout_regular_city, hellmonk_ghost_happy_afterlife, basic_altar,
          serial_bayou_shore_a
Lair:2:   layout_loops_ring, special_room [special_room_bee],
          lemuel_centaur_altar, grunt_megastairs_5
Lair:3:   layout_small_grid, elwin_shoals_entry_rocks,
          minmay_snake_entry_guardpost_small
Lair:4:   layout_gridlike, grunt_megastairs_3
Lair:5:   minmay_lair_end_enchanted_forest, layout_small_grid,
          minmay_slime_entry_oklob_open, st_stairs_13, lemuel_fruit_fields
Orc:1:    layout_diamond_mine, serial_shops, nicolae_shop_stone,
          elves_outpost_lemuel
Orc:2:    grunt_orc_gardens, layout_diamond_mine, grunt_orc_garden,
          grunt_orc_garden, grunt_orc_garden, grunt_orc_garden, serial_shops,
          shop_statue, nicolae_shop_stone

Skill      XL: |  1  2  3  4  5  6  7  8  9 10 11 12 13 14 15 |
---------------+----------------------------------------------+-----
Shields        | 4 5 6 7 8 9 10 11 12 | 12.8
Maces & Flails | 3 4 5 7 8 9 12 13 15 16 | 16.4
Armour         | 4 5 6 7 8 9 10 11 | 11.0
Dodging        | 1 2 3 5 6 7 |  7.8
Fighting       | 4 5 6 7 8 9 11 12 | 12.9
Stealth        | 1 3 |  3.6
Throwing       | 1 2 4 5 |  5.1
Invocations    | 6 8 |  8.4
Unarmed Combat | |  0.7

Action                     |  1- 3 |  4- 6 |  7- 9 | 10-12 | 13-15 || total
---------------------------+-------+-------+-------+-------+-------++-------
  Melee: Flail             |   118 |       |       |       |       ||   118
         Whip              |   112 |    37 |       |       |       ||   149
         Club              |       |    73 |   325 |   259 |       ||   657
         Unarmed           |       |    14 |       |       |       ||    14
         Eveningstar       |       |       |       |   469 |  1398 ||  1867
  Throw: Javelin           |       |       |     2 |     7 |       ||     9
         Dart              |       |       |       |    17 |    21 ||    38
 Invoke: Heroism           |       |       |       |       |     1 ||     1
         Finesse           |       |       |       |       |     1 ||     1
    Use: Potion            |       |       |       |       |     4 ||     4
   Stab: Distracted        |       |       |     6 |     2 |       ||     8
         Sleeping          |       |       |       |     2 |     3 ||     5
         Petrified         |       |       |       |       |     1 ||     1
 Armour: Scale mail        |    86 |    31 |       |       |       ||   117
         Skin              |       |     7 |       |       |       ||     7
         Chain mail        |       |    15 |    44 |       |       ||    59
         Ring mail         |       |       |   115 |   337 |   517 ||   969
  Dodge: Dodged            |    75 |    45 |   138 |   435 |   619 ||  1312
  Block: Buckler           |    31 |    33 |    69 |   228 |   771 ||  1132
         Reflection        |       |       |       |     2 |    27 ||    29
         Kite shield       |       |       |       |       |   180 ||   180

Table legend: (Time is in decaauts)
 A = Elapsed time spent in this place.
 B = Non-inter-level travel time spent in this place.
 C = Inter-level travel time spent in this place.
 D = Time resting spent in this place.
 E = Time spent auto-exploring this place.
 F = Levels seen in this place.
 G = Mean time per level.
                   A        B        C        D        E       F      G
               +--------+--------+--------+--------+--------+-----+--------+
         Total |  25542 |  23499 |   2043 |   3245 |  14617 |  22 | 1161.0 |
       Dungeon |  16448 |  15071 |   1377 |   1882 |   9692 |  14 | 1174.9 |
        Temple |    145 |     39 |    106 |      0 |      0 |   1 |  145.0 |
          Lair |   6513 |   6103 |    410 |    716 |   3902 |   5 | 1302.6 |
  Orcish Mines |   2435 |   2286 |    149 |    647 |   1023 |   2 | 1217.5 |
               +--------+--------+--------+--------+--------+-----+--------+

Top non-repeatable levels by time:
     D:7: 2222 daAuts
    D:11: 1918 daAuts
   Orc:1: 1716 daAuts
  Lair:4: 1572 daAuts
  Lair:5: 1488 daAuts
     D:8: 1448 daAuts
    D:10: 1391 daAuts
     D:1: 1377 daAuts
    D:13: 1365 daAuts
     D:9: 1283 daAuts
  Lair:2: 1251 daAuts
  Lair:1: 1211 daAuts
     D:3: 1148 daAuts
     D:4: 1056 daAuts
  Lair:3: 989 daAuts
